 Dungeon Crawl Stone Soup version 0.27-a0-412-g8dd771eca2 (webtiles) character file.

Game seed: 12837191227522595442

4258 ReteAZ the Grappler (level 9, -5/75 HPs)
             Began as a Demigod Transmuter on Feb 24, 2021.
             Slain by a fire elemental (11 damage)
             ... summoned by a deep elf pyromancer
             ... on level 8 of the Dungeon.
             The game lasted 00:23:13 (12255 turns).

ReteAZ the Grappler (Demigod Transmuter)           Turns: 12255, Time: 00:23:13

Health: -5/75      AC:  5    Str: 19    XL:     9   Next: 84%
Magic:  15/15      EV: 15    Int: 19    God:
Gold:   438        SH:  0    Dex: 14    Spells: 11/12 levels left

rFire    . . .     SeeInvis .     - Unarmed
rCold    . . .     Faith    .   (no shield)
rNeg     . . .     Spirit   .   m - +1 leather armour
rPois    .         Reflect  .   (helmet currently unavailable)
rElec    .         Harm     .   (no cloak)
rCorr    .         Rampage  .   x - +0 pair of gloves
Will     .....                  (boots currently unavailable)
Stlth    +.........             n - amulet of magic regeneration
HPRegen  0.22/turn              (no ring)
MPRegen  0.39/turn              (no ring)

@: appendages
A: horns 2, talons 2, high mp 1
a: End Transformation


You were on level 8 of the Dungeon.
You had grown temporary horns.
You had grown temporary talons.
You visited 1 branch of the dungeon, and saw 8 of its levels.
You also visited: Sewer.

You collected 438 gold pieces.

Inventory:

Hand Weapons
 o - a +2 falchion of freezing
 u - a +3 dagger of electrocution
Missiles
 r - 33 poisoned darts
Armour
 a - a +0 robe
 m - a +1 leather armour (worn)
 q - a +0 scale mail
 t - a +0 helmet (melded)
 x - a +0 pair of gloves (worn)
Jewellery
 n - an amulet of magic regeneration (around neck)
Wands
 B - a wand of flame (36)
 E - a wand of polymorph (1)
Scrolls
 c - a scroll of fog
 e - 5 scrolls of magic mapping {unknown}
 g - 2 scrolls of teleportation
 j - a scroll of random uselessness {unknown}
 y - 3 scrolls of enchant weapon
Potions
 b - 4 potions of mutation
 d - 3 potions of might {unknown}
 f - 2 potions of heal wounds
 h - 4 potions of lignification {unknown}
 i - 8 potions of flight
 k - 8 potions of curing {unknown}
 l - a potion of degeneration {unknown}
 v - 2 potions of brilliance {unknown}
 w - a potion of haste {unknown}
 D - 2 potions of attraction {unknown}


   Skills:
 - Level 6.1 Fighting
 - Level 6.0 Dodging
 + Level 9.5 Unarmed Combat
 - Level 2.0 Spellcasting
 + Level 5.5 Transmutations


You had 11 spell levels left.
You knew the following spells:

 Your Spells              Type           Power        Failure   Level
a - Beastly Appendage     Tmut           46%          1%          1

Your spell library contained the following spells:

 Spells                   Type           Power        Failure   Level
 Wereblood                Tmut           23%          3%          2
 Spider Form              Tmut/Pois      6%           19%         3
 Magic Dart               Conj           4%           21%         1
 Blink                    Tloc           N/A          30%         2
 Call Imp                 Summ           1%           30%         2
 Slow                     Hex            1%           30%         2
 Blade Hands              Tmut           11%          50%         5
 Conjure Flame            Conj/Fire      1%           52%         3
 Mephitic Cloud           Conj/Pois/Air  1%           52%         3
 Ice Form                 Ice/Tmut       12%          54%         4


Dungeon Overview and Level Annotations

Branches:
Dungeon (8/15)             Temple (0/1) D:4           Sewer (visited)
   Lair: D:8-11

Annotations:
D:4 2 transporters, Armakuni's ghost, amateur DgIE
D:7 1 exclusion, Maggie


Innate Abilities, Weirdness & Mutations

You have an increased reservoir of magic. (+10% MP)
You have a pair of horns on your head.
You have razor-sharp toenails.


Message History

The deep elf pyromancer gestures wildly while chanting.
You closely miss the deep elf pyromancer.
You claw the deep elf pyromancer.
The deep elf pyromancer is heavily wounded.
The deep elf pyromancer barely misses you.
The fire elemental barely misses you.
You closely miss the deep elf pyromancer.
You claw the deep elf pyromancer, but do no damage.
The deep elf pyromancer is heavily wounded.
The fire elemental hits you. The fire elemental burns you!
You closely miss the deep elf pyromancer.
You claw the deep elf pyromancer, but do no damage.
The deep elf pyromancer is heavily wounded.
The deep elf pyromancer hits you with a +0 short sword.
The fire elemental hits you. The fire elemental burns you!
The fire elemental misses you.
You closely miss the deep elf pyromancer.
The deep elf pyromancer is heavily wounded.
The deep elf pyromancer hits you with a +0 short sword.
The fire elemental misses you. The fire elemental hits you.
The fire elemental burns you!
You punch the deep elf pyromancer!
Your kick misses the deep elf pyromancer.
The deep elf pyromancer is heavily wounded.
The fire elemental misses you. The deep elf pyromancer misses you.
The fire elemental barely misses you.
You closely miss the deep elf pyromancer.
You claw the deep elf pyromancer, but do no damage.
The deep elf pyromancer is heavily wounded.
The fire elemental hits you. The fire elemental burns you!
The fire elemental hits you. The fire elemental burns you!
* * * LOW HITPOINT WARNING * * *
The deep elf pyromancer hits you but does no damage.
You closely miss the deep elf pyromancer.
You claw the deep elf pyromancer, but do no damage.
The deep elf pyromancer is heavily wounded.
The fire elemental hits you. The fire elemental burns you!
* * * LOW HITPOINT WARNING * * *
The fire elemental hits you. The fire elemental burns you!
You die...

.## #########............... ..##
#......(...<............ ...#
#.....###............... ...#
####.......................
...####........##................
...##...##.....#..#..............
..†>..####...............##......
..##### #...............#######.
...# #.....E@e.......# #† e..#
######†.E.......# #. ...##
####.............#######.
....#####.##....#................
....##.........##........#######)
###..e.####..#.##........#######.
. ###...?........................
###..................##.####.
###.....##............# #.


You could see a deep elf pyromancer and 2 fire elementals.

Vanquished Creatures
  A boulder beetle (D:8)
  Grinder (D:5)
  A spriggan (D:8)
  A naga (D:7)
  A water moccasin (D:8)
  3 sky beasts
  4 ogres
  3 centaurs
  3 phantoms
  2 kobold brigands (Sewer)
  8 bullfrogs
  4 scorpions
  2 howler monkeys (D:8)
  2 hounds
  A jelly (D:5)
  A quasit (D:7)
  A gnoll shaman (D:6)
  2 iguanas
  An orc priest (D:8)
  A bullfrog skeleton (D:8)
  Jessica (D:3)
  5 orc wizards
  7 worker ants
  Terence (D:3)
  9 gnolls
  11 adders
  5 river rats (Sewer)
  3 white imps
  An ufetubus (D:6)
  2 oozes (Sewer)
  2 adder zombies (D:6)
  2 adder skeletons
  7 worms
  2 dart slugs
  3 leopard geckos
  17 orcs
  8 giant cockroaches
  10 goblins
  8 hobgoblins
  17 jackals
  4 quokkas
  7 ball pythons
  2 ball python skeletons (D:4)
  2 bats (D:1)
  6 frilled lizards
  23 kobolds
  A leopard gecko skeleton (D:5)
  A quokka zombie (D:8)
  30 rats
240 creatures vanquished.

Vanquished Creatures (others)
  A gnoll (D:7)
  3 fungi (D:4)
  7 plants (D:4)
  4 toadstools (D:5)
15 creatures vanquished.

Grand Total: 255 creatures vanquished

Notes
Turn   | Place    | Note
-------+----------+-------------------------------------------
     0 | D:1      | ReteAZ the Demigod Transmuter began the quest for the Orb.
     0 | D:1      | Reached XP level 1. HP: 15/15 MP: 5/5
    35 | D:1      | Reached skill level 3 in Unarmed Combat
    69 | D:1      | Reached XP level 2. HP: 22/22 MP: 5/7
   724 | D:1      | Reached XP level 3. HP: 24/27 MP: 6/8
  1460 | D:2      | Reached skill level 4 in Unarmed Combat
  1809 | D:2      | Found a broken altar of Ashenzari.
  2041 | D:3      | Noticed a phantom
  2085 | D:3      | Noticed Jessica
  2087 | D:3      | Killed Jessica
  2088 | D:3      | Reached XP level 4. HP: 31/34 MP: 9/9
  2302 | D:3      | Found a glowing drain.
  2314 | D:3      | Noticed Terence
  2334 | D:3      | Killed Terence
  2352 | Sewer    | Entered a sewer
  2482 | Sewer    | Reached XP level 5. HP: 30/39 MP: 10/10
  2590 | Sewer    | Reached skill level 5 in Unarmed Combat
  3300 | Sewer    | Reached XP level 6. HP: 28/46 MP: 11/11
  3780 | D:3      | Reached skill level 6 in Unarmed Combat
  4412 | D:4      | Found a hide-covered altar of Uskayaw.
  4895 | D:4      | Reached XP level 7. HP: 36/51 MP: 13/13
  5239 | D:4      | Found a transporter.
  5280 | D:4      | Found a staircase to the Ecumenical Temple.
  5342 | D:4      | Found a glowing golden altar of the Shining One.
  5787 | D:4      | Found a shadowy altar of Dithmenos.
  5788 | D:4      | Found an opulent altar of Gozag.
  5928 | D:4      | Found a transporter.
  5928 | D:4      | Noticed Armakuni's ghost (amateur DgIE)
  6055 | D:4      | Found a sacrificial altar of Ru.
  6083 | D:5      | Entered Level 5 of the Dungeon
  6275 | D:5      | Reached skill level 7 in Unarmed Combat
  6573 | D:5      | Noticed Grinder
  6600 | D:5      | Killed Grinder
  6694 | D:5      | Found a blossoming altar of Fedhas.
  6694 | D:5      | Found a bloodstained altar of Trog.
  6707 | D:5      | Reached skill level 5 in Transmutations
  6963 | D:5      | Reached skill level 8 in Unarmed Combat
  7220 | D:6      | Reached skill level 1 in Fighting
  7342 | D:6      | Reached XP level 8. HP: 50/59 MP: 14/14
  7376 | D:5      | HP: 1/60 [gnoll/+0 flail (10)]
  7649 | D:6      | Found a blossoming altar of Fedhas.
  7926 | D:6      | Found an opulent altar of Gozag.
  7928 | D:6      | Found a shimmering altar of Xom.
  7928 | D:6      | Found a basalt altar of Yredelemnul.
  7930 | D:6      | Found a broken altar of Ashenzari.
  7930 | D:6      | Found a hide-covered altar of Uskayaw.
  7930 | D:6      | Found a shimmering altar of Xom.
  9690 | D:7      | Noticed Maggie
  9869 | D:7      | Reached skill level 5 in Dodging
  9869 | D:7      | Reached XP level 9. HP: 54/72 MP: 15/15
 10289 | D:7      | Reached skill level 5 in Fighting
 10842 | D:7      | Paralysed by Maggie for 4 turns
 11582 | D:8      | Reached skill level 9 in Unarmed Combat
 11813 | D:8      | Noticed a deep elf pyromancer
 12020 | D:8      | Noticed a boulder beetle
 12047 | D:8      | Killed a boulder beetle
 12255 | D:8      | Slain by a fire elemental

Illustrated notes

Levels and vault maps discovered:
D:1:      lightli_arrival_maybe_door_vault, layout_rooms, due_unseen_surprise
D:2:      layout_loops_ring, marbit_many_paths, feat_on_display
D:3:      layout_rooms, gup_sewer_entry_glass, uniq_jessica, uniq_terence
D:4:      layout_loops_corners, nicolae_gozag_cash_rules_everything_around_me,
          lemuel_doored_altar, kennysheep_little_box,
          nicolae_ru_the_path_less_chosen, kennysheep_mini_moat,
          lemuel_temple_firewalk_b, gammafunk_ghost_mausoleum,
          kennysheep_generic_room_6
D:5:      layout_basic, gammafunk_temple_overflow_wave,
          minmay_gold_behind_fungi, serial_bayou_ford_a, uniq_grinder
D:6:      layout_gridville, doesnt_xom_only_xom, basic_altar
D:7:      layout_basic, uniq_maggie
D:8:      minmay_the_grid_triangle_9x9_rhombus_thin
          [minmay_the_grid_triangle_9x9_zippers_horizontal,
          minmay_the_grid_triangle_9x9_prize_top_heavy,
          minmay_the_grid_triangle_9x9_negative_grid,
          minmay_the_grid_triangle_9x9_thin_v], layout_rooms, the_bakery

Skill      XL: |  1  2  3  4  5  6  7  8  9 |
---------------+----------------------------+-----
Transmutations | 2 3 4 5 |  5.5
Spellcasting   | 2 |  2.0
Unarmed Combat | 3 4 5 6 8 9 |  9.5
Fighting       | 1 4 6 |  6.1
Dodging        | 2 5 6 |  6.0

Action                   |  1- 3 |  4- 6 |  7- 9 || total
-------------------------+-------+-------+-------++-------
Melee: Unarmed           |   111 |   216 |   363 ||   690
       Kick              |    31 |    45 |   106 ||   182
       Headbutt          |    18 |    19 |    66 ||   103
       Punch             |       |     3 |    16 ||    19
Throw: Dart              |       |     4 |    13 ||    17
 Cast: Beastly Appendage |    32 |    36 |    77 ||   145
Evoke: Wand              |     2 |    12 |    14 ||    28
  Use: Potion            |       |     2 |     1 ||     3
       Scroll            |       |       |    11 ||    11
 Stab: Paralysed         |       |       |    17 ||    17
Armor: Robe              |    21 |       |       ||    21
       Leather armour    |     1 |     2 |    70 ||    73
       Scale mail        |       |    85 |    11 ||    96
Dodge: Dodged            |    62 |   120 |   223 ||   405

Table legend: (Time is in decaauts)
 A = Elapsed time spent in this place.
 B = Non-inter-level travel time spent in this place.
 C = Inter-level travel time spent in this place.
 D = Time resting spent in this place.
 E = Time spent auto-exploring this place.
 F = Levels seen in this place.
 G = Mean time per level.
                   A        B        C        D        E       F      G
               +--------+--------+--------+--------+--------+-----+--------+
         Total |  12203 |  11659 |    544 |   1785 |   7325 |   9 | 1355.9 |
       Dungeon |  10856 |  10312 |    544 |   1510 |   6582 |   8 | 1357.0 |
         Sewer |   1346 |   1346 |      0 |    275 |    743 |   1 | 1346.0 |
               +--------+--------+--------+--------+--------+-----+--------+

Top non-repeatable levels by time:
     D:7: 1972 daAuts
     D:4: 1607 daAuts
     D:6: 1577 daAuts
     D:5: 1484 daAuts
   Sewer: 1346 daAuts
     D:2: 1111 daAuts
     D:8: 1102 daAuts
     D:3: 1037 daAuts
     D:1: 964 daAuts
